 Dungeon Crawl Stone Soup version 0.29.0-4-gdea44cf6ec (webtiles) character file.

Game seed: 15132544719229307946

24 qw the Chopper (level 3, -2/21 HPs)
             Began as a Tengu Warper on Aug 28, 2022.
             Slain by a hobgoblin (3 damage)
             ... led by Robin
             ... on level 2 of the Dungeon.
             The game lasted 00:00:04 (1057 turns).

qw the Chopper (Tengu Warper)                       Turns: 1057, Time: 00:00:04

Health: -2/21      AC:  6    Str: 13    XL:     3   Next: 2%
Magic:  7/7        EV:  9    Int: 13    God:
Gold:   3          SH:  0    Dex: 13    Spells: 6/6 levels left

rFire   . . .      SeeInvis .   Y - +0 hand axe
rCold   . . .      Faith    .   (no shield)
rNeg    . . .      Spirit   .   d - +0 scale mail
rPois   .          Reflect  .   (helmet restricted)
rElec   .          Harm     .   (no cloak)
rCorr   .          Rampage  .   (no gloves)
Will    .....                   (boots unavailable)
Stlth   ..........              (no amulet)
HPRegen 0.07/turn               (no ring)
MPRegen 0.10/turn               (no ring)

@: no status effects
A: beak, talons 3
a: no special abilities


You were on level 2 of the Dungeon.
You visited 1 branch of the dungeon, and saw 2 of its levels.

You collected 3 gold pieces.


Innate Abilities, Weirdness & Mutations

You have a beak for a mouth.
You have claws for feet.


   Skills:
 - Level 2.0 Fighting
 + Level 3.7 Axes
 - Level 1.0 Throwing
 - Level 1.1 Armour
 - Level 2.1 Dodging
 - Level 2.0 Spellcasting
 - Level 2.4 Translocations


You had 6 spell levels left.
You didn't know any spells.
Your spell library contained the following spells:

 Spells                   Type           Power      Damage    Failure   Level
 Blink                    Tloc           14%        N/A       56%         2
 Gell's Gravitas          Tloc           7%         N/A       80%         3
 Lesser Beckoning         Tloc           7%         N/A       80%         3
 Teleport Other           Tloc           7%         N/A       80%         3
 Manifold Assault         Tloc           7%         N/A       100%        5

Inventory:

Hand Weapons
 f - a +0 whip
 Y - a +0 hand axe (weapon)
Armour
 d - a +0 scale mail (worn)

Dungeon Overview and Level Annotations

Branches:
Dungeon (2/15)

Altars:

Annotations:
D:2 Robin


Message History

You kill the goblin!
You closely miss the goblin. You hit the goblin. The goblin closely misses you.
The goblin hits you but does no damage.
You closely miss the goblin. You peck the goblin, but do no damage.
The goblin is severely wounded.
You hit the goblin. You barely miss the goblin. The goblin closely misses you.
Robin throws the goblin at you! The goblin hits you with a +0 dagger.
You hit the goblin. Your kick misses the goblin. You peck the goblin.
You kill the goblin!
You hit the goblin but do no damage. You closely miss the goblin. x2
The goblin completely misses you. The goblin hits you but does no damage.
The goblin hits you with a +0 dagger.
Robin roars a battlecry!
The goblins go into a battle-frenzy!
You hit the goblin.
You kill the goblin!
You barely miss the hobgoblin. You hit the goblin. You barely miss the goblin.
The hobgoblin barely misses you. The goblin barely misses you.
The goblin hits you but does no damage.
You have reached level 3!
Your experience leads to an increase in your attributes!
Increase (S)trength, (I)ntelligence, or (D)exterity?
You feel stronger. x2
You slash the goblin!
You kill the goblin!
You hit the goblin. You hit the hobgoblin. The hobgoblin closely misses you.
You closely miss the goblin. Your kick misses the goblin.
The goblin is severely wounded.
You hit the hobgoblin. You hit the hobgoblin but do no damage.
The hobgoblin hits you. The goblin hits you with a +0 dagger.
The hobgoblin barely misses you.
You closely miss the goblin. You claw the goblin.
You kill the goblin!
You hit the hobgoblin.
You kill the hobgoblin!
You completely miss the hobgoblin. The hobgoblin hits you.
You die...

#.## ##
#..#..
##..#.##
#.... .#
#.#.#..#
###.%<#..#
#........#
#.#.))##.#
# #.g@# ..
#.gg# ##
#...#
......
..#..###
...?.?..
.#.#.... #
#...


You could see Robin and 2 hobgoblins.

Vanquished Creatures
  An endoplasm (D:1)
  9 goblins
  2 hobgoblins (D:2)
  2 jackals (D:1)
  A ball python (D:1)
  3 bats (D:1)
  3 kobolds (D:1)
  2 rats (D:1)
23 creatures vanquished.

Notes
Turn   | Place    | Note
-------+----------+-------------------------------------------
     0 | D:1      | qw the Tengu Warper began the quest for the Orb.
     0 | D:1      | Reached XP level 1. HP: 12/12 MP: 4/4
     0 | D:1      | 0 ||| qw: Version: 0.1-a-89-g26bdef1
     0 | D:1      | 0 ||| qw: Game counter: 1976
     0 | D:1      | 0 ||| qw: Always use a shield: true
     0 | D:1      | 0 ||| qw: God list: Okawaru
     0 | D:1      | 0 ||| qw: Allow faded altars: false
     0 | D:1      | 0 ||| qw: Do Orc after D:15 true
     0 | D:1      | 0 ||| qw: Do second Lair branch before Depths: true
     0 | D:1      | 0 ||| qw: Lair rune preference: random
     0 | D:1      | 0 ||| qw: Plans: Normal
     0 | D:1      | 0 ||| PLANNING D:1-11
   107 | D:1      | 107 ||| Stepping ~*~*~tactically~*~*~ (stealth).
   127 | D:1      | Reached skill level 3 in Axes
   127 | D:1      | Reached XP level 2. HP: 10/17 MP: 6/6
   278 | D:1      | 278 ||| DROPPING +0 club.
   360 | D:1      | Found a faded altar of an unknown god.
   897 | D:1      | 897 ||| UPGRADING to +0 scale mail.
   907 | D:1      | 907 ||| DROPPING +0 leather armour.
   908 | D:1      | 908 ||| READING scroll labelled XOTRUUBRUS.
   909 | D:1      | 909 ||| DROPPING scroll of blinking.
  1044 | D:2      | Noticed Robin
  1045 | D:2      | 1045 ||| Stepping ~*~*~tactically~*~*~ (stealth).
  1055 | D:2      | Reached XP level 3. HP: 7/21 MP: 7/7
  1056 | D:2      | HP: 4/21 [hobgoblin[Robin] (3)]
  1056 | D:2      | HP: 1/21 [goblin/+0 dagger[Robin] (3)]
  1057 | D:2      | Slain by a hobgoblin

Levels and vault maps discovered:
D:1:      evilmike_arrival_rings, layout_basic, shapermc_ecumenical_altar_venn
D:2:      layout_basic, serial_bayou_pond_d, uniq_robin

Skill      XL: |  1 |
---------------+----+-----
Axes           | 3 |  3.7
Fighting       | |  2.0
Throwing       | |  1.0
Armour         | |  1.1
Dodging        | |  2.1
Spellcasting   | |  2.0
Translocations | |  2.4

Action                   || total
-------------------------++-------
Melee: Hand axe          ||    35
       Kick              ||    12
       Peck              ||     4
Throw: Boomerang         ||     7
  Use: Scroll            ||     1
Armor: Leather armour    ||     6
       Scale mail        ||     9
Dodge: Dodged            ||    29

Table legend:
 A = Non-vault XP
 B = Vault XP
 C = Vault XP percentage of total XP
 D = Non-vault monster count
 E = Vault monster count
 F = Vault count percentage of total count
                 A         B        C        D         E       F
            +---------+---------+-------+---------+---------+-------
      Total |      22 |      16 |  42.1 |      14 |       9 |  39.1
            +---------+---------+-------+---------+---------+-------
        D:1 |      20 |       0 |   0.0 |      13 |       0 |   0.0
        D:2 |       2 |      16 |  88.9 |       1 |       9 |  90.0
            +---------+---------+-------+---------+---------+-------
